 Dungeon Sprint DCSS version 0.31-a0-851-g7ff8af7976 (webtiles) character file.

Game seed: 1676605116910597407

894 sircluck the Grappler (level 7, 0/121 HPs)
             Began as a Troll Berserker on Oct 5, 2023.
             Was a Believer of Trog.
             Constricted to death by an anaconda (3 damage)
             ... in the Dungeon (Sprint VII: "The Pits").
             The game lasted 00:01:07 (275 turns).

sircluck the Grappler (Troll Berserker)              Turns: 275, Time: 00:01:07

Health: 0/121      AC:  4    Str: 28    XL:     7   Next: 78%
Magic:  6/6        EV:  9    Int:  3    God:    Trog [**....]
Gold:   0          SH:  0    Dex:  9    Spells: 6/6 levels left

rFire   . .          .
                       - Unarmed
rCold   . . .        (no shield)
rNeg    . . .        a - +0 animal skin
rPois   .            (helmet restricted)
rElec   .            (no cloak)
rCorr   .            (gloves unavailable)
SInv    .            (boots unavailable)
Will    .....        (no amulet) Stlth
                     (no ring)
HPRegen 1.20/turn    (no ring)
MPRegen 0.10/turn

%: no teleportation
@: berserking, constricted, very quick
A: large, unfitting armour, claws 3, regeneration 1, shaggy fur 1, tough skin 1
a: Renounce Religion, Berserk, Trog's Hand


You were in the Dungeon.
You worshipped Trog.
Trog was pleased with you.
You visited 1 branch

Inventory:

Armour
 a - a +0 animal skin (worn)
Potions
 b - a potion of curing
 c - a potion of heal wounds
 d - a potion of haste
 e - 2 potions of magic
 f - a potion of berserk rage


   Skills:
 + Level 8.8 Fighting
 + Level 8.7 Dodging
 + Level 10.4 Unarmed Combat


You had 6 spell levels left.
You didn't know any spells.
Your spell library was empty.

Dungeon Overview and Level Annotations

Branches:
Dungeon (1/1)

Altars:


Innate Abilities, Weirdness & Mutations

You are too large for most types of armour.
You have claws for hands.
Your natural rate of healing is unusually fast.
You are covered in fur. (AC +1)
You have tough skin. (AC +1)


Message History

* * * LOW HITPOINT WARNING * * *
The orc barely misses you. The anaconda bites you.
* * * LOW HITPOINT WARNING * * *
The anaconda constricts you.
* * * LOW HITPOINT WARNING * * *
An ice beast comes into view.
Blink to where?
Press: ? - help, Q - select action, (/) - cycle Dir - move target You escape the anaconda's grasp.
As you read the scroll of blinking, it crumbles to dust.
There is a huge open gate to the Metal Vault (Medium), spattered with blood here.
You close the huge gate.
Something unseen opens the huge gate.
You open the door.
A goblin comes into view. It is wielding a +0 dagger.
The goblin shouts!
There is an open door to the Storerooms (Easy) here.
You claw the goblin!
You kill the goblin!
Trog accepts your kill. The anaconda barely misses you. The anaconda bites you!
* * * LOW HITPOINT WARNING * * *
Things that are here:
a +0 dagger; a goblin corpse A red film seems to cover your vision as you go berserk!
You feel yourself moving faster!
You feel mighty! The anaconda grabs you. The anaconda bites you.
* * * LOW HITPOINT WARNING * * *
The anaconda constricts you.
* * * LOW HITPOINT WARNING * * *
The anaconda bites you!
* * * LOW HITPOINT WARNING * * *
The anaconda constricts you.
* * * LOW HITPOINT WARNING * * *
You scratch the anaconda.
The anaconda is lightly wounded.
The anaconda bites you.
* * * LOW HITPOINT WARNING * * *
The anaconda constricts you.
You die...

##########++#### #+
#............... +.
#......#..#.....
######.##...............
.......@S.s..o.....)....
###+#####......#..#.....
#..†............
####'#####''####
#.......##'+####
#.......##..S...
#.......##.....o
#...<...##..####
#.......##..+


You could see an anaconda, a demonic crawler and an orc.

Vanquished Creatures
  An orc high priest (D)
  Eustachio (D)
  A water moccasin (D)
  A black bear (D)
  A goblin (D)
5 creatures vanquished.

Notes
Turn   | Place    | Note
-------+----------+-------------------------------------------
     0 | D        | sircluck the Troll Berserker began the quest for the Orb.
     0 | D        | Reached XP level 1. HP: 22/22 MP: 0/0
    12 | D        | Noticed a water moccasin
    12 | D        | Noticed Eustachio
    16 | D        | Noticed a crimson imp
    16 | D        | Noticed a crimson imp
    17 | D        | Noticed a quasit
    18 | D        | Killed a water moccasin
    19 | D        | Reached skill level 5 in Fighting
    19 | D        | Reached skill level 5 in Dodging
    19 | D        | Reached skill level 6 in Unarmed Combat
    19 | D        | Reached XP level 2. HP: 35/35 MP: 1/1
    19 | D        | Reached XP level 3. HP: 42/42 MP: 2/2
    19 | D        | Reached XP level 4. HP: 50/50 MP: 3/3
    41 | D        | Killed Eustachio
    41 | D        | Reached ** piety under Trog
    42 | D        | Reached skill level 7 in Unarmed Combat
    42 | D        | Reached XP level 5. HP: 31/61 MP: 4/4
    67 | D        | Noticed a black bear
    88 | D        | Killed a black bear
    89 | D        | Reached skill level 8 in Unarmed Combat
    89 | D        | Reached XP level 6. HP: 71/71 MP: 5/5
   243 | D        | Noticed an orc high priest
   243 | D        | Noticed an orc warrior
   250 | D        | Noticed an orange demon
   251 | D        | Noticed a neqoxec
   251 | D        | Noticed an anaconda
   252 | D        | Killed an orc high priest
   253 | D        | Reached skill level 10 in Unarmed Combat
   253 | D        | Reached XP level 7. HP: 54/81 MP: 6/6
   253 | D        | Noticed a demonic crawler
   274 | D        | HP: 6/121 [anaconda (12)]
   275 | D        | Constricted to death by an anaconda

Illustrated notes

Levels and vault maps discovered:
D:        pitsprint [storerooms_1, entrance_room_1, metal_vault_8, armoury_1,
          mini_pit_1, grid_room_1, main_hall_1, silver_pit, the_coven_3,
          the_vestibule_1, steel_vault_3, golden_pit, hallway_of_sentries,
          crystal_vault_1, iron_vault_4, final_vault]

Skill      XL: |  1  2  3  4  5  6 |
---------------+-------------------+-----
Fighting       | 5 6 7 8 |  8.8
Dodging        | 5 6 8 |  8.7
Unarmed Combat | 6 7 8 10 | 10.4

Action                     |  1- 3 |  4- 6 |  7- 9 || total
---------------------------+-------+-------+-------++-------
  Melee: Unarmed           |     4 |    20 |     7 ||    31
 Invoke: Berserk           |     1 |     1 |     1 ||     3
    Use: Scroll            |       |       |     1 ||     1
 Armour: Animal skin       |     1 |    35 |    10 ||    46
  Dodge: Dodged            |     2 |    30 |     3 ||    35

Table legend: (Time is in decaauts)
 A = Elapsed time spent in this place.
 B = Non-inter-level travel time spent in this place.
 C = Inter-level travel time spent in this place.
 D = Time resting spent in this place.
 E = Time spent auto-exploring this place.
 F = Levels seen in this place.
 G = Mean time per level.
                   A        B        C        D        E       F      G
               +--------+--------+--------+--------+--------+-----+--------+
         Total |    285 |    285 |      0 |    170 |     12 |   1 |  285.0 |
       Dungeon |    285 |    285 |      0 |    170 |     12 |   1 |  285.0 |
               +--------+--------+--------+--------+--------+-----+--------+

Top non-repeatable levels by time:
       D: 285 daAuts
